 Dungeon Crawl Stone Soup version 0.22-a0-247-gbddf880 (webtiles) character file.

86 wolfsongas the Quickloader (level 4, -5/38 HPs)
             Began as a Gnoll Hunter on Feb 23, 2018.
             Killed by nerve-wracking pain
             ... invoked by an orc priest
              (14 damage)
             ... on level 3 of the Dungeon.
             The game lasted 00:03:12 (1978 turns).

wolfsongas the Quickloader (Gnoll Hunter)           Turns: 1978, Time: 00:03:13

Health: -5/38      AC:  9    Str: 16    XL:     4   Next: 50%
Magic:  5/5        EV:  8    Int: 13    God:
Gold:   153        SH:  0    Dex: 15    Spells: 5/5 levels left

rFire    . . .     SeeInvis .   b - +0 short sword
rCold    + . .     Gourm    .   (no shield)
rNeg     . . .     Faith    .   l - +0 chain mail (curse)
rPois    .         Spirit   .   (no helmet)
rElec    .         Reflect  .   (no cloak)
rCorr    .         Harm     .   e - +0 pair of gloves
MR       .....                  (no boots)
Stlth    ..........             (no amulet)
HPRegen  0.12/turn              k - ring of protection from cold
MPRegen  0.09/turn              (no ring)

@: no status effects
A: distributed training, fangs 1, strong nose
a: no special abilities


You were on level 3 of the Dungeon.
You were not hungry.

You visited 1 branch of the dungeon, and saw 3 of its levels.

You collected 153 gold pieces.

Inventory:

Hand Weapons
 a - a +1 hand crossbow
 b - a +0 short sword (weapon)
Armour
 c - a +0 leather armour
 e - a +0 pair of gloves (worn)
 l - a cursed +0 chain mail (worn)
Jewellery
 k - a ring of protection from cold (left hand)
 p - an uncursed ring of fire
Scrolls
 n - a scroll of fear
Potions
 g - a potion of brilliance {unknown}
 h - a potion of agility {unknown}
 i - a potion of berserk rage
 q - 2 potions of curing
 r - a potion of cancellation {unknown}
Comestibles
 f - 4 rations


   Skills:
 + Level 4.6 Fighting
 + Level 1.1 Short Blades
 + Level 1.1 Long Blades
 + Level 1.1 Axes
 + Level 1.1 Maces & Flails
 + Level 1.1 Polearms
 + Level 1.1 Staves
 + Level 1.1 Slings
 + Level 1.1 Bows
 + Level 8.5 Crossbows
 + Level 1.1 Throwing
 + Level 1.1 Armour
 + Level 4.6 Dodging
 + Level 2.5 Stealth
 + Level 1.1 Shields
 + Level 1.1 Unarmed Combat
 + Level 1.1 Spellcasting
 + Level 0.9 Conjurations
 + Level 0.9 Hexes
 + Level 0.9 Charms
 + Level 0.9 Summonings
 + Level 0.9 Necromancy
 + Level 0.9 Translocations
 + Level 0.9 Transmutations
 + Level 0.9 Fire Magic
 + Level 0.9 Ice Magic
 + Level 0.9 Air Magic
 + Level 0.9 Earth Magic
 + Level 0.9 Poison Magic
 + Level 1.2 Invocations
 + Level 1.1 Evocations


You had 5 spell levels left.
You didn't know any spells.

Dungeon Overview and Level Annotations

Branches:
Dungeon (3/15)

Altars:


Innate Abilities, Weirdness & Mutations

Your experience applies equally to all skills.
You have very sharp teeth.
Your uncanny sense of smell can sniff out nearby items.


Message History

The orc priest is almost dead.
You hear a bark!
You hear a shout!
The orc priest hits you.
* * * LOW HITPOINT WARNING * * *
You closely miss the orc priest. You bite the orc priest.
The orc priest is almost dead.
The orc priest looks braver for a moment.
You hit the orc priest but do no damage.
Your bite misses the orc priest.
The orc priest is almost dead.
The orc priest hits you.
* * * LOW HITPOINT WARNING * * *
The jackal bites you but does no damage.
A jackal comes into view.
You closely miss the orc priest.
The orc priest is almost dead.
The jackal barks!
The orc priest mumbles some strange prayers to Beogh against you.
Pain shoots through your body!
You die...

∆ ∆ ########
#......# .#
#......#
((..#####.<....#
...o(((.#......#
########o†.<....#
.h..(hh@.#......#
####....##......#
#.(..#..#.(....#
#..#####.#...(..#
!. .######## . .#
.# .#


You could see an orc priest and 3 jackals.

Vanquished Creatures
  A worker ant (D:3)
  An adder (D:2)
  2 worms (D:2)
  A dart slug (D:2)
  A leopard gecko (D:1)
  3 orcs (D:3)
  2 ball pythons
  6 bats
  4 goblins
  4 jackals (D:1)
  5 kobolds
  2 quokkas (D:2)
  5 frilled lizards
  4 rats
41 creatures vanquished.

Notes
Turn   | Place    | Note
-------+----------+-------------------------------------------
     0 | D:1      | wolfsongas the Gnoll Hunter began the quest for the Orb.
     0 | D:1      | Reached XP level 1. HP: 20/20 MP: 1/1
   115 | D:1      | Reached XP level 2. HP: 26/26 MP: 2/2
   744 | D:2      | Reached XP level 3. HP: 31/31 MP: 3/3
  1096 | D:2      | Reached skill level 1 in Invocations
  1562 | D:2      | Reached skill level 1 in Short Blades
  1562 | D:2      | Reached skill level 1 in Long Blades
  1562 | D:2      | Reached skill level 1 in Axes
  1562 | D:2      | Reached skill level 1 in Maces & Flails
  1562 | D:2      | Reached skill level 1 in Polearms
  1562 | D:2      | Reached skill level 1 in Staves
  1562 | D:2      | Reached skill level 1 in Slings
  1562 | D:2      | Reached skill level 1 in Bows
  1562 | D:2      | Reached skill level 1 in Throwing
  1562 | D:2      | Reached skill level 1 in Armour
  1562 | D:2      | Reached skill level 1 in Shields
  1562 | D:2      | Reached skill level 1 in Unarmed Combat
  1562 | D:2      | Reached skill level 1 in Spellcasting
  1562 | D:2      | Reached skill level 1 in Evocations
  1720 | D:2      | Found a faded altar of an unknown god.
  1803 | D:3      | Reached XP level 4. HP: 37/38 MP: 5/5
  1978 | D:3      | Killed from afar by an orc priest

Vault maps used:
D:1:      lemuel_arrival_room
D:2:      chequers_ecumenical_altar_lobes
D:3:      gammafunk_temple_overflow_statue, marbit_many_paths, uniq_grinder,
          uniq_ijyb

Skill      XL: |  1  2  3 |
---------------+----------+-----
Invocations    | 1 |  1.2
Short Blades   | 1 |  1.1
Long Blades    | 1 |  1.1
Axes           | 1 |  1.1
Maces & Flails | 1 |  1.1
Polearms       | 1 |  1.1
Staves         | 1 |  1.1
Slings         | 1 |  1.1
Bows           | 1 |  1.1
Throwing       | 1 |  1.1
Armour         | 1 |  1.1
Shields        | 1 |  1.1
Unarmed Combat | 1 |  1.1
Spellcasting   | 1 |  1.1
Evocations     | 1 |  1.1
Fighting       | |  4.6
Crossbows      | |  8.5
Dodging        | |  4.6
Stealth        | |  2.5
Conjurations   | |  0.9
Hexes          | |  0.9
Charms         | |  0.9
Summonings     | |  0.9
Necromancy     | |  0.9
Translocations | |  0.9
Transmutations | |  0.9
Fire Magic     | |  0.9
Ice Magic      | |  0.9
Air Magic      | |  0.9
Earth Magic    | |  0.9
Poison Magic   | |  0.9

Action                   |  1- 3 |  4- 6 || total
-------------------------+-------+-------++-------
Melee: Short sword       |       |    13 ||    13
       Bite              |       |     1 ||     1
 Fire: Hand crossbow     |   102 |     8 ||   110
  Use: Scroll            |     5 |       ||     5
       Potion            |       |     1 ||     1
  Eat: Chunk             |     2 |       ||     2
       Ration            |       |     1 ||     1
Armor: Leather armour    |     3 |       ||     3
       Chain mail        |    14 |    18 ||    32
Dodge: Dodged            |    21 |     3 ||    24

Table legend:
 A = Spawn XP
 B = Non-spawn XP
 C = Spawn XP percentage of total XP
 D = Spawn monster count
 E = Non-spawn monster count
 F = Spawn count percentage of total count
 G = Total turns spent on level
                    A         B        C        D         E        F      G
               +---------+---------+-------+---------+---------+-------+---------
         Total |       0 |     124 |   0.0 |       0 |      41 |   0.0 |  1978
               +---------+---------+-------+---------+---------+-------+---------
           D:1 |       0 |      33 |   0.0 |       0 |      20 |   0.0 |   743
           D:2 |       0 |      45 |   0.0 |       0 |      15 |   0.0 |  1141
           D:3 |       0 |      46 |   0.0 |       0 |       6 |   0.0 |    94
               +---------+---------+-------+---------+---------+-------+---------
